 Dungeon Crawl Stone Soup version 0.30-a0-739-gea05faddec (webtiles) character file.

Game seed: 13249966858595771247

18120 Crownlay the Geomancer (level 12, -7/77 HPs)
             Began as a Gargoyle Earth Elementalist on Feb 4, 2023.
             Was a High Priest of Sif Muna.
             Mangled by a seven-headed hydra (11 damage)
             ... on level 3 of the Lair of Beasts.
             The game lasted 00:22:06 (14643 turns).

Crownlay the Geomancer (GrEE)                      Turns: 14643, Time: 00:22:07

Health: -7/77      AC: 15    Str: 11    XL:     12   Next: 55%
Magic:  18/24      EV: 11    Int: 22    God:    Sif Muna [*****.]
Gold:   789        SH:  0    Dex: 10    Spells: 23/27 levels left

rFire   . . .      SeeInvis .    z - staff of conjuration
rCold   . . .      Faith    +    (no shield)
rNeg    + . .      Spirit   .    a - +0 robe
rPois   ∞          Reflect  .    S - +2 helmet
rElec   +          Harm     .    C - +0 cloak
rCorr   .          Rampage  .    y - +0 pair of gloves
Will    .....                    (no boots)
Stlth   ++                       P - amulet of faith
HPRegen 0.32/turn                u - ring of wizardry
MPRegen 0.19/turn                o - ring of flight

@: flying
A: sickness immunity, AC +8, negative energy resistance 1, electricity
resistance, torment resistance 1, petrification resistance
a: Renounce Religion, Channel Magic, Forget Spell, Divine Exegesis


You were on level 3 of the Lair of Beasts.
You worshipped Sif Muna.
Sif Muna was extremely pleased with you.
You visited 2 branches of the dungeon, and saw 13 of its levels.
You also visited: Sewer.

You collected 789 gold pieces.

Inventory:

Hand Weapons
 F - a +5 flail of protection
Missiles
 c - 7 throwing nets
Armour
 a - a +0 robe (worn)
 y - a +0 pair of gloves (worn)
 C - a +0 cloak (worn)
 S - a +2 helmet (worn)
Magical Staves
 g - a staff of death
 z - a staff of conjuration (weapon)
Jewellery
 d - a ring of protection from cold
 o - a ring of flight (right hand)
 u - a ring of wizardry (left hand)
 x - a ring of protection from fire
 K - a ring of protection from fire
 P - an amulet of faith (around neck)
Wands
 j - a wand of mindburst (1)
 p - a wand of charming (11)
 G - a wand of roots (27)
 L - a wand of polymorph (15)
 N - a wand of flame (12)
Scrolls
 e - 6 scrolls of immolation
 f - 9 scrolls of enchant weapon
 l - 2 scrolls of vulnerability {unknown}
 q - 2 scrolls of blinking {unknown}
 r - a scroll of magic mapping {unknown}
 t - 2 scrolls of noise {unknown}
 w - 6 scrolls of teleportation
 B - 2 scrolls of amnesia
 H - a scroll of butterflies {unknown}
 I - 2 scrolls of poison {unknown}
 Q - a scroll of fog
 R - a scroll of enchant armour {unknown}
 T - 2 scrolls of torment {unknown}
Potions
 b - 2 potions of magic
 h - 7 potions of curing
 i - a potion of flight {unknown}
 k - 2 potions of haste {unknown}
 m - a potion of berserk rage {unknown}
 n - 9 potions of brilliance
 s - 4 potions of heal wounds {unknown}
 v - 4 potions of mutation
 A - 4 potions of attraction
 D - 2 potions of lignification {unknown}
 E - a potion of cancellation {unknown}
 J - a potion of ambrosia {unknown}
 M - a potion of resistance {unknown}
Miscellaneous
 O - a lightning rod (4/4)


   Skills:
 - Level 10.0 Fighting
 - Level 1.5 Dodging
 - Level 2.1 Stealth
 - Level 8.0 Spellcasting
 - Level 0.7 Transmutations
 + Level 13.5 Earth Magic
 - Level 13.0 Invocations


You had 23 spell levels left.
You knew the following spells:

 Your Spells              Type           Power      Damage    Failure   Level
a - Sandblast             Erth           100%       2d20      1%          1
b - Stone Arrow           Conj/Erth      100%       3d13      1%          3

Your spell library contained the following spells:

 Spells                   Type           Power      Damage    Failure   Level
 Passwall                 Tmut/Erth      33%        N/A       1%          2
 Leda's Liquefaction      Hex/Erth       19%        N/A       1%          4
 Petrify                  Tmut/Erth      40%        N/A       1%          4
 Foxfire                  Conj/Fire      52%        2x1d6     3%          1
 Shock                    Conj/Air       52%        1d6       3%          1
 Slow                     Hex            32%        N/A       3%          1
 Summon Small Mammal      Summ           32%        N/A       3%          1
 Call Canine Familiar     Summ           8%         N/A       9%          3
 Confusing Touch          Hex            8%         N/A       9%          3
 Portal Projectile        Hex/Tloc       16%        N/A       9%          3
 Summon Guardian Golem    Hex/Summ       8%         N/A       9%          3
 Swiftness                Air            8%         N/A       9%          3
 Vampiric Draining        Necr           8%         2d6       9%          3
 Airstrike                Air            4%         2d(1-17)  28%         4
 Lightning Bolt           Conj/Air       6%         1d18      58%         5
 Conjure Ball Lightning   Conj/Air       6%         3x3d6     98%         6
 Chain Lightning          Conj/Air       6%         3d8       100%        9
 Fire Storm               Conj/Fire      6%         8d2       100%        9
 Shatter                  Erth           31%        3d25*     100%        9


Dungeon Overview and Level Annotations

Branches:
Dungeon (10/15)            Temple (0/1) D:4            Lair (3/5) D:8
    Orc (0/2) D:10          Sewer (visited)
  Swamp: Lair:2-3    Shoals: Lair:2-3     Snake: Lair:2-3    Spider: Lair:2-3

Altars:
Cheibriados
Elyvilon
Fedhas
Gozag
Hepliaklqana
Kikubaaqudgha
Nemelex Xobeh
Ru
Sif Muna
Trog
Uskayaw
Xom
Yredelemnul
Zin

Shops:
D:5 [:   D:7 (   D:8 =

Annotations:
D:9 2 runed translucent doors, vineage's ghost, novice GrFi
Lair:2 exclusion: ice statue


Innate Abilities, Weirdness & Mutations

You are immune to sickness and miasma.
Your stone body is resilient. (AC +8)
You are immune to poison.
You resist negative energy. (rN+)
You are resistant to electric shocks. (rElec)
You are resistant to unholy torment.
You are immune to petrification.


Message History

Sif Muna accepts your kill.
A bullfrog comes into view.
Training target 13.0 for Invocations reached!
Your Invocations skill increases to level 13!
A bullfrog comes into view.
The bullfrog croaks.
The blast of sand hits the bullfrog!
The bullfrog is moderately wounded.
A seven-headed hydra is nearby!
The blast of sand hits the seven-headed hydra.
The seven-headed hydra is lightly wounded.
A necrophage comes into view.
The blast of sand hits the seven-headed hydra!!
The seven-headed hydra is heavily wounded.
The seven-headed hydra bites you but does no damage.
The seven-headed hydra closely misses you.
The seven-headed hydra bites you but does no damage.
The seven-headed hydra barely misses you.
The seven-headed hydra misses you. The seven-headed hydra bites you!
The seven-headed hydra bites you.
The blast of sand hits the seven-headed hydra!
The seven-headed hydra is severely wounded.
The bullfrog hits you.
The seven-headed hydra bites you but does no damage.
The seven-headed hydra barely misses you.
The seven-headed hydra bites you!
The seven-headed hydra closely misses you.
The seven-headed hydra bites you but does no damage. x2
The seven-headed hydra bites you.
A necrophage comes into view.
The bullfrog closely misses you. The bullfrog hits you.
The seven-headed hydra bites you.
* * * LOW HITPOINT WARNING * * *
The seven-headed hydra barely misses you.
The seven-headed hydra bites you.
* * * LOW HITPOINT WARNING * * *
The seven-headed hydra bites you!
* * * LOW HITPOINT WARNING * * *
The seven-headed hydra bites you!
You die...

. ...
#####...$.
#P@DF.#
#.F#......
#....
.....
#......
n#..
###..###
... ...#
.n #... .
#...


You could see a seven-headed hydra, 2 necrophages and 2 bullfrogs.

Vanquished Creatures
  Harold (Lair:1)
  2 hydras (Lair:2)
  A two-headed ogre (D:10)
  Urug (Lair:2)
  Nergalle (Lair:1)
  A black mamba (Lair:3)
  A cane toad (Lair:2)
  3 komodo dragons
  2 trolls (D:10)
  3 polar bears
  Grinder (D:6)
  2 shadows
  A basilisk (Lair:1)
  2 wraiths
  40 yaks
  2 steam dragons
  Edmund (D:6)
  Duvessa (D:6)
  4 water moccasins
  5 ice beasts
  An ogre (D:5)
  A black bear (D:8)
  9 centaurs
  6 wolves (Lair:1)
  2 phantoms
  2 kobold brigands (D:9)
  Blork the orc (D:6)
  10 bullfrogs
  2 scorpions
  5 wights (D:9)
  Dowan (D:6)
  5 killer bees (D:7)
  3 howler monkeys
  A hound (D:4)
  4 jellies
  4 orc priests
  2 gnoll boudas
  Jessica (D:3)
  4 iguanas
  6 orc wizards
  A hell rat (Sewer)
  Natasha (thrice) (D:2)
  6 gnolls
  8 adders
  A river rat (Sewer)
  A shadow imp (D:5)
  2 white imps (Lair:2)
  2 ufetubi (D:5)
  4 worms
  A dart slug (D:3)
  25 orcs
  7 bats
  9 endoplasms
  8 giant cockroaches
  12 goblins
  7 hobgoblins
  3 jackals (D:2)
  10 kobolds
  5 quokkas
  10 ball pythons
  7 frilled lizards
  12 rats
289 creatures vanquished.

Vanquished Creatures (others)
  A centaur (D:9)
  3 fungi
  5 plants
9 creatures vanquished.

Grand Total: 298 creatures vanquished

Notes
Turn   | Place    | Note
-------+----------+-------------------------------------------
     0 | D:1      | Crownlay the Gargoyle Earth Elementalist began the quest
                  | for the Orb.
     0 | D:1      | Reached XP level 1. HP: 10/10 MP: 3/3
   236 | D:1      | Reached XP level 2. HP: 15/15 MP: 3/5
  1103 | D:2      | Reached skill level 5 in Earth Magic
  1103 | D:2      | Reached XP level 3. HP: 17/19 MP: 2/6
  1155 | D:2      | Learned a level 3 spell: Stone Arrow
  1169 | D:2      | Noticed Natasha
  1174 | D:2      | Killed Natasha
  1249 | D:2      | Reached XP level 4. HP: 24/24 MP: 4/7
  1863 | D:2      | Noticed Natasha
  1870 | D:2      | Killed Natasha
  1871 | D:2      | Reached XP level 5. HP: 28/28 MP: 4/8
  1963 | D:2      | Noticed Natasha
  1972 | D:2      | Killed Natasha
  2336 | D:3      | Found a shimmering altar of Xom.
  2649 | D:3      | Reached XP level 6. HP: 22/32 MP: 4/9
  3085 | D:3      | Noticed Jessica
  3090 | D:3      | Killed Jessica
  3107 | D:3      | Found a shimmering blue altar of Sif Muna.
  3147 | D:3      | Became a worshipper of Sif Muna the Loreminder
  3262 | D:4      | Found a snail-covered altar of Cheibriados.
  3363 | D:4      | Found a staircase to the Ecumenical Temple.
  3438 | D:4      | Reached skill level 1 in Invocations
  3522 | D:4      | Found a blossoming altar of Fedhas.
  3687 | D:4      | Found a glowing drain.
  3701 | Sewer    | Entered a sewer
  3840 | Sewer    | Reached * piety under Sif Muna
  4033 | D:4      | Reached XP level 7. HP: 36/36 MP: 8/10
  4162 | D:4      | Found a bloodstained altar of Trog.
  4162 | D:4      | Found an ancient bone altar of Kikubaaqudgha.
  4163 | D:4      | Found a basalt altar of Yredelemnul.
  4165 | D:4      | Found a glowing silver altar of Zin.
  4166 | D:4      | Found a hazy altar of Hepliaklqana.
  4167 | D:4      | Found a hide-covered altar of Uskayaw.
  4504 | D:5      | Entered Level 5 of the Dungeon
  5051 | D:5      | Reached skill level 10 in Earth Magic
  5126 | D:5      | Reached XP level 8. HP: 41/41 MP: 8/11
  5230 | D:5      | Found Yta Toj's Book Boutique.
  5433 | D:5      | Found Siasor's Armour Boutique.
  5438 | D:5      | Found a sparkling altar of Nemelex Xobeh.
  5439 | D:5      | Found an opulent altar of Gozag.
  5698 | D:6      | Noticed Duvessa
  5698 | D:6      | Noticed Dowan
  5720 | D:6      | Killed Dowan
  5772 | D:6      | Reached skill level 5 in Invocations
  5816 | D:6      | Killed Duvessa
  6149 | D:6      | Found a white marble altar of Elyvilon.
  6246 | D:6      | Noticed Grinder
  6248 | D:6      | Paralysed by Grinder for 4 turns
  6253 | D:6      | Killed Grinder
  6340 | D:6      | Found a sacrificial altar of Ru.
  6385 | D:6      | Noticed Blork the orc
  6391 | D:6      | Killed Blork the orc
  6572 | D:6      | Noticed Edmund
  6582 | D:6      | Killed Edmund
  6879 | D:6      | Reached XP level 9. HP: 16/45 MP: 11/15
  7251 | D:7      | Found Jummiape's Weapon Shoppe.
  7283 | D:7      | Reached ** piety under Sif Muna
  7284 | D:7      | Reached skill level 10 in Invocations
  7470 | D:7      | Reached skill level 1 in Fighting
  8023 | D:8      | Reached skill level 5 in Fighting
  8030 | D:8      | Reached XP level 10. HP: 20/59 MP: 7/18
  8264 | D:8      | Found a staircase to the Lair.
  8469 | D:8      | Found Pouzyuco's Jewellery Boutique.
  8665 | D:9      | Reached *** piety under Sif Muna
  9393 | D:9      | Found a large runed translucent door.
  9393 | D:9      | Found a large runed translucent door.
  9395 | D:9      | Noticed vineage's ghost (novice GrFi)
  9787 | D:9      | Reached XP level 11. HP: 68/68 MP: 7/19
 10359 | D:10     | Entered Level 10 of the Dungeon
 10363 | D:10     | Reached skill level 5 in Spellcasting
 10389 | D:10     | Found a staircase to the Orcish Mines.
 10522 | D:10     | Reached **** piety under Sif Muna
 10852 | D:10     | Noticed a two-headed ogre
 10857 | D:10     | Killed a two-headed ogre
 11479 | Lair:1   | Entered Level 1 of the Lair of Beasts
 11773 | Lair:1   | Noticed Harold
 11779 | Lair:1   | Killed Harold
 11935 | Lair:1   | Noticed Nergalle
 11945 | Lair:1   | Killed Nergalle
 12655 | Lair:1   | Reached skill level 10 in Fighting
 12655 | Lair:1   | Reached XP level 12. HP: 70/77 MP: 15/22
 13066 | Lair:2   | Reached ***** piety under Sif Muna
 13415 | Lair:2   | Received a gift from Sif Muna
 13418 | Lair:2   | Got Peurefol's Compilation of the Impact {god gift}
 13577 | Lair:2   | Noticed Urug
 13596 | Lair:2   | Killed Urug
 13866 | Lair:2   | Noticed a five-headed hydra
 13874 | Lair:2   | Killed a five-headed hydra
 14239 | Lair:2   | Noticed a four-headed hydra
 14246 | Lair:2   | Killed a four-headed hydra
 14634 | Lair:3   | Noticed a seven-headed hydra
 14643 | Lair:3   | Mangled by a seven-headed hydra

Illustrated notes

Levels and vault maps discovered:
D:1:      minmay_arrival_open_corners, layout_basic, st_stairs_14,
          hex_intersection, skrybe_limestone_x
D:2:      layout_basic, minmay_quantized, uniq_natasha
D:3:      layout_loops_ring, tgw_sif, mainiacjoe_overflow_chevrons
D:4:      layout_basic, lemuel_coloured_pillars_altar, minitemple,
          minmay_temple_entry_hall, gup_sewer_entry_glass, minivault_25,
          minmay_goblin_outpost
D:5:      layout_basic, grunt_temple_overflow_opulence, serial_shops, shop,
          shop, grunt_ministairs_13, kennysheep_donut
D:6:      layout_basic, elyvilon_altar_4,
          mainiacjoe_overflow_concentric_impassable, uniq_grinder, uniq_edmund,
          uniq_duvessa, uniq_blork_the_orc
D:7:      layout_cave_pools, serial_shops, shop
D:8:      layout_rooms, lair_entry_dummy, minmay_shop_grid_forest,
          minmay_misc_feat_secret_circle, supply_closet_lemuel
D:9:      nicolae_whirlpool, layout_loops_ring, serial_rivers,
          chequers_serial_rivers_marsh, chequers_serial_rivers_micro_e,
          chequers_serial_rivers_micro_b, chequers_serial_rivers_room_a,
          chequers_serial_rivers_micro_e, ebering_ghost_disaster_area,
          wad_rectangle_vault
D:10:     layout_basic, orc_0_dummy, st_stairs_3, kennysheep_generic_room_7
Lair:1:   layout_roguey, uniq_harold, uniq_nergalle
Lair:2:   layout_cave_pods, ice2_lemuel, uniq_urug
Lair:3:   layout_misc_corridors, skrybe_swamp_entry_bodies, dummy_snake_entry,
          roderic_carrion_pond, grunt_megastairs_4

Skill      XL: |  1  2  3  4  5  6  7  8  9 10 11 12 |
---------------+-------------------------------------+-----
Earth Magic    | 4 5 6 7 8 10 11 12 13 | 13.5
Invocations    | 1 4 9 10 11 12 13 | 13.0
Fighting       | 5 7 10 | 10.0
Spellcasting   | 4 6 8 |  8.0
Dodging        | |  1.5
Stealth        | |  2.1
Transmutations | |  0.7

Action                     |  1- 3 |  4- 6 |  7- 9 | 10-12 || total
---------------------------+-------+-------+-------+-------++-------
  Melee: Unarmed           |     2 |       |       |       ||     2
         Spear             |     1 |     6 |       |       ||     7
   Cast: Sandblast         |    36 |   116 |   129 |   305 ||   586
         Stone Arrow       |       |       |     5 |    25 ||    30
  Evoke: Wand              |       |       |     2 |     7 ||     9
    Use: Scroll            |       |     3 |     3 |     9 ||    15
         Potion            |       |       |     4 |     3 ||     7
   Stab: Sleeping          |       |     1 |       |       ||     1
 Armour: Robe              |     9 |    16 |    20 |   126 ||   171
  Dodge: Dodged            |     7 |    24 |    51 |   149 ||   231

Table legend: (Time is in decaauts)
 A = Elapsed time spent in this place.
 B = Non-inter-level travel time spent in this place.
 C = Inter-level travel time spent in this place.
 D = Time resting spent in this place.
 E = Time spent auto-exploring this place.
 F = Levels seen in this place.
 G = Mean time per level.
                   A        B        C        D        E       F      G
               +--------+--------+--------+--------+--------+-----+--------+
         Total |  14952 |  14467 |    485 |    364 |  11728 |  14 | 1068.0 |
       Dungeon |  11512 |  11087 |    425 |    198 |   8991 |  10 | 1151.2 |
          Lair |   3240 |   3180 |     60 |    166 |   2583 |   3 | 1080.0 |
         Sewer |    199 |    199 |      0 |      0 |    154 |   1 |  199.0 |
               +--------+--------+--------+--------+--------+-----+--------+

Top non-repeatable levels by time:
     D:9: 1810 daAuts
  Lair:2: 1622 daAuts
  Lair:1: 1602 daAuts
     D:6: 1546 daAuts
     D:5: 1182 daAuts
     D:4: 1129 daAuts
    D:10: 1116 daAuts
     D:3: 1109 daAuts
     D:1: 1104 daAuts
     D:2: 1034 daAuts
     D:8: 863 daAuts
     D:7: 615 daAuts
   Sewer: 199 daAuts
  Lair:3: 16 daAuts
